 Dungeon Crawl Stone Soup version 0.23.2-1-ga50397a6bc (webtiles) character file.

Game seed: 17041349038983710564

2275 Kinoniko the Spear-Bearer (level 9, -1/70 HPs)
             Began as a Merfolk Fighter on May 3, 2019.
             Was a Follower of Okawaru.
             Slain by an orc knight
             ... wielding a +4 glaive
              (27 damage)
             ... in a bailey.
             The game lasted 00:12:37 (7350 turns).

Kinoniko the Spear-Bearer (Merfolk Fighter)         Turns: 7350, Time: 00:12:38

Health: -1/70      AC: 10    Str: 20    XL:     9   Next: 39%
Magic:  7/9        EV: 15    Int:  9    God:    Okawaru [*.....]
Gold:   349        SH:  0    Dex: 13    Spells: 8/8 levels left

rFire    . . .     SeeInvis .   k - +1 halberd
rCold    . . .     Gourm    .   (shield currently unavailable)
rNeg     . . .     Faith    .   b - +0 scale mail
rPois    .         Spirit   .   i - +2 hat
rElec    .         Reflect  .   (no cloak)
rCorr    .         Harm     .   (no gloves)
MR       .....                  (no boots)
Stlth    +.........             (no amulet)
HPRegen  0.21/turn              j - +2 ring of intelligence
MPRegen  0.11/turn              (no ring)

@: heroism, hasted, very quick
A: change form in water, swift swim, stealthy swim
a: Heroism, Renounce Religion


You were in a bailey.
You worshipped Okawaru.
Okawaru was aware of your devotion.
You were not hungry.

You visited 2 branches of the dungeon, and saw 8 of its levels.
You also visited: Ossuary and Bailey.

You collected 349 gold pieces.

Inventory:

Hand Weapons
 a - a +1 trident
 k - a +1 halberd (weapon)
Armour
 b - a +0 scale mail (worn)
 c - a +1 shield
 i - a +2 hat (worn)
Jewellery
 j - a +2 ring of intelligence (left hand)
 q - a cursed amulet of inaccuracy
 v - an uncursed ring of magical power
Wands
 l - a wand of random effects (14)
 w - a wand of polymorph (10)
Scrolls
 d - a scroll of identify
 e - a scroll of immolation
 g - 4 scrolls of teleportation
 n - 3 scrolls of remove curse
 r - a scroll of magic mapping {unknown}
 s - 5 scrolls of amnesia
Potions
 h - a potion of lignification
 p - a potion of flight
 t - 2 potions of brilliance
Comestibles
 f - 13 rations


   Skills:
 * Level 6.3(11.3) Fighting
 * Level 11.4(16.4) Polearms
 * Level 4.4(9.4) Armour
 * Level 5.3(10.3) Dodging
 - Level 5.1(10.1) Shields
 + Level 0.1 Invocations


You had 8 spell levels left.
You didn't know any spells.
Your spell library contained the following spells:

 Spells                   Type           Power        Failure   Level  Hunger
 Beastly Appendage        Tmut           #.....       69%         1    ##.....
 Sticks to Snakes         Tmut           #.......     83%         2    ###....
 Spider Form              Tmut/Pois      #.........   96%         3    ####...
 Ice Form                 Ice/Tmut       #.......     100%        4    #####..
 Blade Hands              Tmut           #.........   100%        5    ######.


Dungeon Overview and Level Annotations

Branches:
Dungeon (7/15)             Temple (1/1) D:6

Altars:
Ashenzari
Cheibriados
Dithmenos
Elyvilon
Fedhas
Gozag
Hepliaklqana
Kikubaaqudgha
Makhleb
Nemelex Xobeh
Okawaru
Qazlal
Ru
Sif Muna
Trog
Uskayaw
Vehumet
Wu Jian
Xom
Yredelemnul
The Shining One


Message History

The orc knight is lightly wounded.
The orc knight closely misses you.
Attack whom?
Press: ? - help, Dir - move target cursor, f/p - orc knight
Aim: an orc knight, wielding a +4 glaive and wearing a +0 ring mail (lightly wounded)
You reach to attack!
You hit the orc knight but do no damage.
The orc knight is lightly wounded.
Attack whom?
Press: ? - help, Dir - move target cursor, f/p - orc knight
Aim: an orc knight, wielding a +4 glaive and wearing a +0 ring mail (lightly wounded)
You reach to attack!
You puncture the orc knight!
The orc knight is moderately wounded.
Attack whom?
Press: ? - help, Dir - move target cursor, f/p - orc knight
Aim: an orc knight, wielding a +4 glaive and wearing a +0 ring mail (moderately wounded)
You reach to attack!
You barely miss the orc knight.
The orc knight is moderately wounded.
The orc knight hits you from afar with a +4 glaive!!
You die...

#......≈##.∩#≈...............≈#∩.
#......≈≈#)#≈≈......###......≈≈#.
#.....(.≈≈≈≈≈)...#########....≈≈≈
#.........(.....##.......##......
#..............##(.#+#+#..##.....
#.......(......#(.## ##..#.....
#.............##.### ##.##....
#.............##)'.# +.##....
#.....(o......##@### #.##...(
#.............##.'.# +.##....
#.............##o### ##.##....
#..............#.. #..##...)
#..............##. #.......(
#...............##. #....(..(
#.......≈≈≈≈≈....## #.....≈(≈
#......≈≈#.#≈≈....#### #....≈≈#)
#......≈##.∩#≈...............≈#∩.


You could see an orc knight.

Vanquished Creatures
  Menkaure (D:5)
  A water moccasin (D:6)
  5 orc warriors (Bailey)
  An ice beast (D:4)
  A sky beast (D:6)
  A phantom (D:6)
  A black bear (D:6)
  3 bullfrogs
  3 scorpions
  2 crimson imps (D:6)
  3 hounds
  A bullfrog zombie (D:6)
  An orc priest (D:5)
  A centaur zombie (D:6)
  A bullfrog skeleton (D:6)
  A jelly (D:7)
  2 orc wizards (D:6)
  A centaur skeleton (D:7)
  2 iguanas
  5 worker ants
  A big kobold zombie (Ossuary)
  3 hound zombies (Ossuary)
  A hound skeleton (D:6)
  5 mummies
  4 gnolls (D:6)
  5 adders
  2 oozes
  An adder zombie (Ossuary)
  An adder skeleton (D:4)
  2 dart slugs
  3 leopard geckos
  20 orcs
  4 giant cockroaches
  A gnoll zombie (Ossuary)
  11 goblins
  9 hobgoblins
  17 jackals
  2 quokkas
  A ball python (D:4)
  5 bats
  4 frilled lizards
  A goblin zombie (Ossuary)
  A hobgoblin zombie (Ossuary)
  A jackal zombie (Ossuary)
  8 kobolds
  2 kobold zombies
  A leopard gecko skeleton (D:4)
  2 orc zombies
  10 rats
  A rat zombie (Ossuary)
166 creatures vanquished.

Notes
Turn   | Place    | Note
-------+----------+-------------------------------------------
     0 | D:1      | Kinoniko the Merfolk Fighter began the quest for the Orb.
     0 | D:1      | Reached XP level 1. HP: 18/18 MP: 1/1
   106 | D:1      | Reached XP level 2. HP: 6/24 MP: 2/2
   632 | D:1      | Reached XP level 3. HP: 29/29 MP: 3/3
   985 | D:2      | Reached skill level 1 in Dodging
  1175 | D:2      | Reached skill level 4 in Polearms
  1351 | D:2      | Reached XP level 4. HP: 37/37 MP: 4/4
  1645 | D:2      | Found a bloodstained altar of Trog.
  2405 | D:3      | Reached XP level 5. HP: 40/42 MP: 5/5
  2459 | D:3      | Reached skill level 5 in Polearms
  2540 | D:3      | Found an ornate altar of the Wu Jian Council.
  2609 | D:3      | Found a snail-covered altar of Cheibriados.
  2610 | D:3      | Found a blossoming altar of Fedhas.
  2837 | D:4      | Reached XP level 6. HP: 25/48 MP: 6/6
  3149 | D:4      | Reached skill level 6 in Polearms
  3365 | D:4      | Noticed an ice beast
  3373 | D:4      | Killed an ice beast
  3902 | D:5      | Entered Level 5 of the Dungeon
  4083 | D:5      | Reached skill level 7 in Polearms
  4083 | D:5      | Reached XP level 7. HP: 27/54 MP: 7/7
  4321 | D:5      | Found a sand-covered staircase.
  4329 | Ossuary  | Entered an ossuary
  4643 | D:5      | Noticed Menkaure
  4651 | D:5      | Killed Menkaure
  4949 | D:6      | Reached skill level 8 in Polearms
  4993 | D:6      | Reached XP level 8. HP: 47/61 MP: 8/8
  5178 | D:6      | Reached skill level 5 in Fighting
  5178 | D:6      | Reached skill level 5 in Shields
  5347 | D:6      | Found a staircase to the Ecumenical Temple.
  5387 | Temple   | Entered the Ecumenical Temple
  5529 | Temple   | Became a worshipper of Warmaster Okawaru
  5663 | D:6      | Reached skill level 9 in Polearms
  5713 | D:6      | Reached * piety under Okawaru
  5921 | D:6      | Found an opulent altar of Gozag.
  5982 | D:6      | Reached skill level 10 in Polearms
  6080 | D:6      | Reached XP level 9. HP: 69/69 MP: 9/9
  6319 | D:7      | Found a flagged portal.
  6333 | D:7      | Reached skill level 5 in Dodging
  6356 | Bailey   | Entered a bailey
  6731 | Bailey   | Reached skill level 11 in Polearms
  7339 | Bailey   | Noticed an orc knight
  7350 | Bailey   | Slain by an orc knight

Skill      XL: |  1  2  3  4  5  6  7  8  9 |
---------------+----------------------------+-----
Dodging        | 1 2 3 4 5 |  5.3
Polearms       | 4 5 7 8 10 11 | 11.4
Fighting       | 4 5 6 |  6.3
Armour         | 3 4 |  4.4
Shields        | 4 5 |  5.1
Invocations    | |  0.1

Action                   |  1- 3 |  4- 6 |  7- 9 || total
-------------------------+-------+-------+-------++-------
Melee: Trident           |   128 |   223 |   186 ||   537
       Halberd           |       |       |   180 ||   180
       Tailslap          |       |       |     1 ||     1
Invok: Heroism           |       |       |     4 ||     4
  Use: Scroll            |     4 |     6 |     7 ||    17
       Potion            |       |     1 |    17 ||    18
 Stab: Invisible         |       |       |     2 ||     2
  Eat: Chunk             |     2 |     2 |     4 ||     8
       Ration            |       |     2 |     2 ||     4
Armor: Scale mail        |    59 |    57 |   197 ||   313
       Skin              |       |       |     4 ||     4
Dodge: Dodged            |    37 |    55 |   260 ||   352
Block: Shield            |    55 |    98 |   160 ||   313
